 Dungeon Crawl Stone Soup version 0.31-a0-459-gc8a9bf3d51 (webtiles) character file.

Game seed: 7414753239928983470

21 Ethylacetat the Insei (level 2, -8/16 HPs)
             Began as a Vine Stalker Monk on Aug 4, 2023.
             Killed by nerve-wracking pain
             ... invoked by Jessica
              (12 damage)
             ... on level 2 of the Dungeon.
             The game lasted 00:00:52 (504 turns).

Ethylacetat the Insei (Vine Stalker Monk)            Turns: 504, Time: 00:00:53

Health: -8/16      AC:  2    Str: 13    XL:     2   Next: 87%
Magic:  0/3        EV: 13    Int: 10    God:
Gold:   49         SH:  0    Dex: 16    Spells: 1/1 levels left

rFire   . .          .
                       - Unarmed
rCold   . . .        c - orb {light}
rNeg    . . .        a - +0 robe
rPois   .            (no helmet)
rElec   .            (no cloak)
rCorr   .            (no gloves)
SInv    .            (no boots)
Will    .....        (no amulet)
Stlth   +            (no ring)
HPRegen 0.22/turn    (no ring)
MPRegen 0.08/turn

%: guardian spirit
@: glowing
A: fangs 2, magic shield, antimagic bite, no potion heal 2
a: no special abilities


You were on level 2 of the Dungeon.
You visited 1 branch of the dungeon, and saw 2 of its levels.

You collected 49 gold pieces.

Inventory:

Armour
 a - a +0 robe (worn)
 c - an orb of light (worn)
Scrolls
 d - a scroll of butterflies {unknown}
 e - a scroll of identify {unknown}
 f - a scroll of fog {unknown}
 g - a scroll of blinking {unknown}
 h - a scroll of teleportation {unknown}
 i - a scroll of immolation {unknown}
 k - a scroll of revelation {unknown}
Potions
 b - a potion of ambrosia
 j - 2 potions of degeneration {unknown}


   Skills:
 + Level 3.0 Fighting
 + Level 2.7 Dodging
 + Level 3.3 Unarmed Combat


You had one spell level left.
You didn't know any spells.
Your spell library was empty.

Dungeon Overview and Level Annotations

Branches:
Dungeon (2/15)

Altars:

Annotations:
D:2 Jessica


Innate Abilities, Weirdness & Mutations

You have extremely sharp teeth.
When hurt, damage is shared between your health and your magic reserves.
Your bite disrupts and absorbs the magic of your enemies.
Potions cannot restore your health.


Message History

You now have 49 gold pieces (gained 6).
Found a stone staircase leading down.
Found 5 stones.
A dart slug comes into view.
Found a dark potion.
The dart slug launches a dart at you. The slug dart hits you.
There is a stone staircase leading down here.
A dart slug is nearby!
Found 4 stones.
Found a stone staircase leading down.
Jessica the Apprentice Sorceress comes into view.
She is wielding a +1 dagger of flaming.
Jessica shouts!
An endoplasm comes into view.
The endoplasm quivers.
Jessica looks very angry.
You hit the endoplasm. You bite the endoplasm. You drain its power.
You feel invigorated.
The endoplasm is almost dead.
The dart slug closely misses you.
You hit the endoplasm.
You kill the endoplasm!
The dart slug launches a dart at you. The slug dart hits you.
You hit the dart slug.
The dart slug is moderately wounded.
You hit the dart slug. You bite the dart slug.
You kill the dart slug!
You hit Jessica but do no damage.
Jessica hits you with a +1 dagger of flaming!
Jessica burns you.
* * * LOW HITPOINT WARNING * * *
You are too injured to fight recklessly!
You are too injured to fight recklessly!
You are too injured to fight recklessly!
You hit Jessica but do no damage. Jessica barely misses you.
You hit Jessica. You bite Jessica, but do no damage.
Jessica is moderately wounded.
Jessica points at you and mumbles some strange words.
Pain shoots through your body!
Ouch! That really hurt!
You die...

#.##. #.# ##.........
#.... #.# #..........
.>..# #.# #..........
#....###.###.#..#.####
###......>...##...# .
..................#
...##.#........##...#
##....#........###..#
.......@.#.....# ..#
#...!..@.......# #
...(...#.......#
.....(.#.#.....#
.......#.#.....#
...............#
.......... ....
....... ... ...


You could see Jessica.

Vanquished Creatures
  2 dart slugs
  2 bats (D:1)
  2 endoplasms
  3 goblins (D:1)
  2 hobgoblins (D:1)
  A quokka (D:1)
  3 frilled lizards (D:1)
  A kobold (D:1)
  A rat (D:1)
17 creatures vanquished.

Notes
Turn   | Place    | Note
-------+----------+-------------------------------------------
     0 | D:1      | Ethylacetat the Vine Stalker Monk began the quest for the
                  | Orb.
     0 | D:1      | Reached XP level 1. HP: 11/11 MP: 2/2
    62 | D:1      | Reached XP level 2. HP: 5/16 MP: 0/3
   496 | D:2      | Noticed Jessica
   504 | D:2      | Killed from afar by Jessica

Illustrated notes

Levels and vault maps discovered:
D:1:      minmay_arrival_solitary_statue, layout_rooms
D:2:      layout_rooms, minmay_shallow_snake_nest, uniq_jessica, uniq_terence

Skill      XL: |  1  2 |
---------------+-------+-----
Fighting       | 3 |  3.0
Dodging        | |  2.7
Unarmed Combat | |  3.3

Action                     || total
---------------------------++-------
  Melee: Unarmed           ||    35
         Bite              ||     9
 Armour: Robe              ||     4
  Dodge: Dodged            ||    17

Table legend: (Time is in decaauts)
 A = Elapsed time spent in this place.
 B = Non-inter-level travel time spent in this place.
 C = Inter-level travel time spent in this place.
 D = Time resting spent in this place.
 E = Time spent auto-exploring this place.
 F = Levels seen in this place.
 G = Mean time per level.
                   A        B        C        D        E       F      G
               +--------+--------+--------+--------+--------+-----+--------+
         Total |    501 |    498 |      3 |      0 |    389 |   2 |  250.5 |
       Dungeon |    501 |    498 |      3 |      0 |    389 |   2 |  250.5 |
               +--------+--------+--------+--------+--------+-----+--------+

Top non-repeatable levels by time:
     D:1: 478 daAuts
     D:2: 23 daAuts
